 Dungeon Crawl Stone Soup version 0.28.0 (webtiles) character file.

Game seed: 8247852350231992365

3460 Hasart the Insei (level 9, 0/86 HPs)
             Began as a Demigod Transmuter on Feb 13, 2022.
             Slain by a human (7 damage)
             ... in a bailey.
             The game lasted 00:17:02 (8954 turns).

Hasart the Insei (Demigod Transmuter)               Turns: 8954, Time: 00:17:03

Health: 0/86       AC:  9    Str: 11    XL:     9   Next: 49%
Magic:  9/19       EV: 11    Int: 27    God:
Gold:   28         SH:  0    Dex: 14    Spells: 7/17 levels left

rFire   . . .      SeeInvis .     - Unarmed
rCold   + + +      Faith    .   (shield currently unavailable)
rNeg    . . .      Spirit   .   (armour currently unavailable)
rPois   +          Reflect  .   (helmet currently unavailable)
rElec   .          Harm     .   (cloak currently unavailable)
rCorr   .          Rampage  .   (gloves currently unavailable)
Will    .....                   (boots currently unavailable)
Stlth   +.........              l - amulet of the acrobat
HPRegen 0.24/turn               v - ring of protection from fire
MPRegen 0.16/turn               (no ring)

@: ice-form, wereblooded, hasted, very quick
A: freezing attack, amphibious, boosted hp, large, high MP 1, forlorn, divine
attributes
a: End Transformation


You were in a bailey.
You were a creature of crystalline ice.
You visited 1 branch of the dungeon, and saw 7 of its levels.
You also visited: Bailey.

You collected 208 gold pieces.
You spent 180 gold pieces at shops.

Inventory:

Missiles
 r - 3 javelins
 A - a throwing net
Armour
 a - the +1 pair of boots "Cief" (melded) {rN+ Int+6}
   (You acquired it on level 7 of the Dungeon)

   Int:       It affects your intelligence (+6).
   rN:        It protects you from negative energy.
 b - a +1 leather armour of cold resistance
 d - a +3 ring mail
 g - a +2 robe of resistance (melded)
 z - the +4 pair of boots of Contumacious Joy {Harm Int+6 Dex-3}
   (You bought it in a shop on level 1 of the Dungeon)

   Int:       It affects your intelligence (+6).
   Dex:       It affects your dexterity (-3).
   Harm:      It increases damage dealt and taken.
 B - a +0 buckler
Jewellery
 l - an amulet of the acrobat (around neck)
 v - a ring of protection from fire (left front paw)
Wands
 y - a wand of mindburst (3)
Scrolls
 c - 2 scrolls of fear
 j - 3 scrolls of teleportation
 k - a scroll of summoning
 o - a scroll of blinking
Potions
 e - 3 potions of mutation
 i - a potion of haste
 m - a potion of curing
 n - 2 potions of resistance
 t - a potion of brilliance {unknown}
 u - a potion of lignification {unknown}


   Skills:
 + Level 4.7 Fighting
 + Level 5.0 Dodging
 * Level 7.3 Unarmed Combat
 + Level 4.6 Spellcasting
 + Level 2.5 Summonings
 + Level 5.0 Transmutations
 + Level 4.1 Ice Magic


You had 7 spell levels left.
You knew the following spells:

 Your Spells              Type           Power      Damage    Failure   Level
a - Beastly Appendage     Tmut           66%        N/A       1%          1
b - Wereblood             Tmut           33%        N/A       1%          2
c - Ice Form              Ice/Tmut       31%        N/A       11%         4
d - Call Canine Familiar  Summ           20%        N/A       8%          3

Your spell library contained the following spells:

 Spells                   Type           Power      Damage    Failure   Level
 Summon Small Mammal      Summ           80%        N/A       2%          1
 Passwall                 Tmut/Erth      15%        N/A       4%          2
 Ozocubu's Armour         Ice            28%        N/A       4%          3
 Sandblast                Erth           12%        2d6       8%          1
 Spider Form              Tmut/Pois      19%        N/A       8%          3
 Corpse Rot               Necr/Air       12%        N/A       12%         2
 Summon Guardian Golem    Hex/Summ       13%        N/A       13%         3
 Portal Projectile        Hex/Tloc       12%        N/A       22%         3
 Stone Arrow              Conj/Erth      12%        3d7       22%         3
 Blade Hands              Tmut           16%        N/A       26%         5
 Dispel Undead            Necr           6%         3d8       58%         4
 Excruciating Wounds      Necr           3%         N/A       91%         5
 Death Channel            Necr           3%         N/A       100%        6
 Ozocubu's Refrigeration  Ice            14%        4d7       100%        7


Dungeon Overview and Level Annotations

Branches:
Dungeon (7/15)             Temple (0/1) D:4          Bailey (1/1)

Shops:
D:1 [

Annotations:
D:5 2 transporters, Skimidon's ghost, novice VSWn


Innate Abilities, Weirdness & Mutations

You are a creature of crystalline ice.
You have a powerful freezing melee attack.
You are amphibious.
Your maximum health is increased.
Your armour is entirely melded.
You are incapable of wielding weapons or throwing items.
You have an increased reservoir of magic. (+10% MP)
You shall have no god before yourself.
Your divine heritage dramatically boosts your attributes as you level up.


Message History

The vault guard is heavily wounded.
The vault guard hits you with a +0 broad axe!
* * * LOW HITPOINT WARNING * * *
Items here: ))) [[[ ÷.
There is an open door here.
Which direction?
You close the door.
There is an open door here.
Things that are here:
a bullfrog skeleton; a bullfrog skeleton You close the door.
You open the door.
You close the door.
As you open the door, it creaks loudly! 2 humans come into view.
A human is wielding a +0 vorpal hand axe.
The human shouts!
You punch the human! You freeze the human.
The human is severely wounded.
You closely miss the human.
The human is severely wounded.
The human closely misses you.
You punch the human! You freeze the human.
You kill the human!
Casting: Call Canine Familiar (dangerous; 8% risk of failure)
Confirm with . or Enter, or press ? or * to list all spells.
Your blood is infused with primal strength.
There is an open door, spattered with blood here.
Things that are here:
a +0 war axe; a +0 ring mail; a human corpse You barely miss the human.
You closely miss the human.
The human hits you with a +0 vorpal hand axe.
* * * LOW HITPOINT WARNING * * *
x2 You hit the human.
You freeze the human.
The human is moderately wounded.
You closely miss the human.
The human is moderately wounded.
The human hits you with a +0 vorpal hand axe!
You die...

.......≈≈≈≈#..##..#
.≈..≈.≈≈#######...#
≈≈≈≈≈≈≈≈##.....).#####
≈≈≈≈≈≈≈≈≈#.....)##...##
≈≈≈≈≈≈≈≈##+#...)+..∩..#
#≈≈≈≈≈###..######.....#
#######....##≈≈≈+..∩..#
#......#≈≈≈÷##...##
#....pY≈≈≈≈≈#####
##....#≈≈≈≈≈#
##...##≈≈≈## #### #####


You could see a human.

Vanquished Creatures
  Prince Ribbit (Bailey)
  6 humans (Bailey)
  2 necrophages
  3 ogres
  2 centaurs
  2 phantoms (D:4)
  A gnoll sergeant (D:6)
  9 bullfrogs
  2 scorpions (D:6)
  A water moccasin zombie (D:5)
  A water moccasin skeleton (D:6)
  A bullfrog zombie (D:6)
  5 centaur zombies
  An orc priest (D:6)
  3 jellies
  4 orc wizards
  A hound skeleton (D:4)
  2 howler monkey zombies
  2 howler monkey skeletons
  12 gnolls
  6 adders
  A shadow imp (D:5)
  An adder skeleton (D:5)
  3 worms
  3 dart slugs
  14 orcs
  14 ball pythons
  9 endoplasms
  5 giant cockroaches
  10 goblins
  8 hobgoblins
  3 jackals (D:4)
  6 kobolds
  2 quokkas
  9 bats
  2 frilled lizards
  4 rats
161 creatures vanquished.

Vanquished Creatures (collateral kills)
  A bullfrog (D:7)
1 creature vanquished.

Vanquished Creatures (others)
  4 plants (D:1)
4 creatures vanquished.

Grand Total: 166 creatures vanquished

Notes
Turn   | Place    | Note
-------+----------+-------------------------------------------
     0 | D:1      | Hasart the Demigod Transmuter began the quest for the Orb.
     0 | D:1      | Reached XP level 1. HP: 15/15 MP: 5/5
    51 | D:1      | Reached skill level 1 in Fighting
   237 | D:1      | Reached XP level 2. HP: 19/23 MP: 7/7
   393 | D:1      | Learned a level 2 spell: Wereblood
   461 | D:1      | Reached skill level 3 in Unarmed Combat
   889 | D:1      | Found Eckuimno's Antique Armour Shoppe.
  1015 | D:1      | Reached XP level 3. HP: 28/28 MP: 6/8
  1651 | D:2      | Reached XP level 4. HP: 23/36 MP: 6/10
  2384 | D:2      | Learned a level 4 spell: Ice Form
  2770 | D:3      | Reached XP level 5. HP: 17/41 MP: 9/11
  3585 | D:4      | Noticed an ogre
  3608 | D:4      | Reached skill level 4 in Unarmed Combat
  3827 | D:4      | Noticed an ogre
  4024 | D:5      | Entered Level 5 of the Dungeon
  4024 | D:5      | Noticed an ogre
  4060 | D:4      | Reached skill level 1 in Ice Magic
  4083 | D:4      | Killed an ogre
  4084 | D:4      | Reached XP level 6. HP: 27/49 MP: 13/13
  4643 | D:4      | Reached XP level 7. HP: 41/56 MP: 14/14
  5173 | D:4      | Found a staircase to the Ecumenical Temple.
  5308 | D:5      | Found a transporter.
  5350 | D:5      | Reached skill level 5 in Unarmed Combat
  5459 | D:5      | Noticed Skimidon's ghost (novice VSWn)
  6059 | D:5      | Found a transporter.
  6429 | D:6      | Reached XP level 8. HP: 62/63 MP: 16/16
  7163 | D:6      | Learned a level 3 spell: Call Canine Familiar
  7232 | D:1      | Bought a pair of bloodstained boots for 180 gold pieces
  7232 | D:1      | Identified the +4 pair of boots of Contumacious Joy {Harm
                  | Int+6 Dex-3} (You bought it in a shop on level 1 of the
                  | Dungeon)
  7323 | D:6      | Reached skill level 6 in Unarmed Combat
  8353 | D:7      | Reached skill level 1 in Summonings
  8412 | D:7      | Identified a scroll of acquirement
  8412 | D:7      | Acquired the +1 pair of boots "Cief" {rN+ Int+6}
  8499 | D:7      | Found a flagged portal.
  8506 | Bailey   | Entered a bailey
  8526 | Bailey   | Reached XP level 9. HP: 71/71 MP: 15/18
  8589 | Bailey   | Noticed Prince Ribbit
  8618 | Bailey   | Reached skill level 7 in Unarmed Combat
  8901 | Bailey   | Noticed a vault guard
  8912 | Bailey   | Killed Prince Ribbit
  8913 | Bailey   | Reached skill level 5 in Dodging
  8913 | Bailey   | Reached skill level 5 in Transmutations
  8954 | Bailey   | Slain by a human

Illustrated notes

Levels and vault maps discovered:
D:1:      saegor_arrival_simple_d, layout_rooms, serial_shops,
          nicolae_shop_window_shopping, serial_forest,
          infiniplex_forest_clump_small, infiniplex_forest_lined_2,
          infiniplex_forest_lined_2, infiniplex_forest_clump_small,
          infiniplex_forest_clump_cross
D:2:      layout_basic, nicolae_ecumenical_snake_handling, minmay_crystal_water,
          st_stairs_6, grunt_ministairs_7, chequers_serial_rivers_micro_b
D:3:      layout_loops_cross, minmay_misc_feat_tower, minmay_misc_feat_room,
          minmay_misc_feat_hallway, grunt_ministairs_2, corexii_corridor_pit
D:4:      minmay_door_path, layout_basic, nicolae_overflow_quartered_altars,
          minmay_temple_entry_poolview, st_stairs_2
D:5:      layout_basic, mainiacjoe_overflow_catch_the_wave,
          gammafunk_ghost_arena
D:6:      layout_loops_corners, kennysheep_generic_room_9
D:7:      layout_basic, enter_bailey_3, ebering_ghost_inner_flame
Bailey:   bailey_axe_froggy_fort_hellmonk, bailey

Skill      XL: |  1  2  3  4  5  6  7  8  9 |
---------------+----------------------------+-----
Fighting       | 1 2 3 4 |  4.7
Dodging        | 2 3 4 5 |  5.0
Unarmed Combat | 3 4 5 6 7 |  7.3
Transmutations | 2 3 4 5 |  5.0
Spellcasting   | 2 3 4 |  4.6
Ice Magic      | 1 2 3 4 |  4.1
Summonings     | 1 2 |  2.5

Action                   |  1- 3 |  4- 6 |  7- 9 || total
-------------------------+-------+-------+-------++-------
Melee: Unarmed           |   151 |   200 |   280 ||   631
       Punch             |     2 |     6 |    10 ||    18
       Kick              |    15 |    33 |    66 ||   114
       Headbutt          |     9 |    23 |    32 ||    64
 Cast: Beastly Appendage |     8 |    27 |    27 ||    62
       Wereblood         |     3 |     4 |     9 ||    16
       Ice Form          |       |       |     6 ||     6
       Call Canine Famil |       |       |     3 ||     3
  Use: Scroll            |       |     3 |    15 ||    18
       Potion            |       |       |     3 ||     3
 Stab: Sleeping          |       |     1 |     1 ||     2
Armor: Leather armour    |    26 |       |       ||    26
       Robe              |    11 |    56 |    41 ||   108
       Skin              |       |       |    48 ||    48
Dodge: Dodged            |   104 |   116 |   203 ||   423
